 Dungeon Crawl Stone Soup version 0.21.1-1-g345015fe64 (webtiles) character file.

2858 Ivernyr the Ogre Mage (level 9, -3/97 HPs)
             Began as an Ogre Wizard on May 6, 2018.
             Slain by a killer bee (8 damage)
             ... on level 8 of the Dungeon on May 8, 2018.
             The game lasted 01:16:57 (10046 turns).

Ivernyr the Ogre Mage (Ogre Wizard)                Turns: 10046, Time: 01:16:57

Health: -3/97      AC:  4    Str: 13    XL:     9   Next: 75%
Magic:  6/23       EV: 10    Int: 22    God:
Gold:   333        SH:  0    Dex:  7    Spells: 20/29 levels left

rFire    . . .     SeeInvis .   t - +0 scythe
rCold    . . .     Gourm    .   (shield currently unavailable)
rNeg     + . .     Faith    .   a - +1 robe {MR+}
rPois    .         Spirit   .   (helmet restricted)
rElec    .         Reflect  .   (no cloak)
rCorr    .         Harm     .   (gloves unavailable)
MR       +....                  (boots unavailable)
Stlth    +.........             l - amulet of magic regeneration
HPRegen  0.26/turn              c - ring of positive energy
MPRegen  0.43/turn              (no ring)

@: lethally poisoned (-3 -> -13), drained
A: large, unfitting armour, tough skin 1
a: no special abilities


You were on level 8 of the Dungeon.
You were not hungry.

You visited 2 branches of the dungeon, and saw 9 of its levels.

You collected 333 gold pieces.

Inventory:

Hand Weapons
 t - a +0 scythe (weapon)
Armour
 a - a +1 robe of magic resistance (worn)
Jewellery
 c - a ring of positive energy (left hand)
 l - an amulet of magic regeneration (around neck)
Wands
 s - a wand of enslavement (10)
 B - a wand of digging (10)
Scrolls
 g - 2 scrolls of blinking {unknown}
 i - 2 scrolls of enchant armour {unknown}
 j - 2 scrolls of immolation {unknown}
 k - 4 scrolls of magic mapping {unknown}
 m - a scroll of noise {unknown}
 n - 7 scrolls of identify
 p - 2 scrolls of teleportation {unknown}
 q - 6 scrolls of amnesia
 r - 3 scrolls of fear {unknown}
 v - 7 scrolls of remove curse {unknown}
 y - 2 scrolls of fog
 A - a scroll of vulnerability {unknown}
 C - a scroll of random uselessness {unknown}
Potions
 b - a potion of mutation {unknown}
 e - a potion of brilliance {unknown}
 f - a potion of haste
 h - 8 potions of curing
 o - 2 potions of might {unknown}
 u - a potion of resistance
 w - a potion of lignification {unknown}
 x - 2 potions of heal wounds {unknown}
 z - 2 potions of flight {unknown}
 E - a potion of agility {unknown}
Comestibles
 d - 20 rations


   Skills:
 + Level 8.3(8.2) Fighting
 - Level 2.0(1.8) Dodging
 - Level 1.4(1.2) Stealth
 * Level 10.7(10.5) Spellcasting
 + Level 6.0(5.8) Conjurations
   Level 0.8(0.7) Summonings
 - Level 0.8(0.7) Translocations


You had 20 spell levels left.
You knew the following spells:

 Your Spells              Type           Power        Failure   Level  Hunger
a - Magic Dart            Conj           ####         1%          1    None
b - Blink                 Tloc           N/A          6%          2    None
c - Conjure Flame         Conj/Fire      ###.....     4%          3    None
d - Mephitic Cloud        Conj/Pois/Air  ###.....     8%          3    None


Dungeon Overview and Level Annotations

Branches:
Dungeon (8/15)             Temple (1/1) D:5
   Lair: D:8-11

Altars:
Cheibriados
Dithmenos
Elyvilon
Fedhas
Gozag
Kikubaaqudgha
Makhleb
Nemelex Xobeh
Okawaru
Qazlal
Ru
Trog
Uskayaw
Wu Jian
Xom
Yredelemnul
Zin
The Shining One

Shops:
D:4 *


Innate Abilities, Weirdness & Mutations

You are too large for most types of armour.
You have tough skin. (AC +1)


Message History

The killer bee stings you.
* * * LOW HITPOINT WARNING * * *
The killer bee stings you.
* * * LOW HITPOINT WARNING * * *
You are poisoned.
The killer bee poisons you!
The orc wizard hits you but does no damage.
The killer bee stings the wight!
The killer bee stings you.
* * * LOW HITPOINT WARNING * * *
You are lethally poisoned!
The killer bee poisons you!
The killer bee stings you but does no damage.
The orc wizard hits you but does no damage. x2
Okay, then.
As you read the scroll labeled AVUPOCUAMN, it crumbles to dust.
The scroll dissolves into smoke.
It was a scroll of fog.
* * * LOW HITPOINT WARNING * * *
You feel sick.
The killer bee barely misses something.
The killer bee stings you!
You die...

...... . .. ######
#.#.####.#. ##.# #.....
#....... ....#.. #.....
#....####...#.#
#.....####.H.....y...#.#
#..........zzzW......#.#
#?....O###WSyZy#####.#.#####
#......###yoz{yy####........
#......#..y@y#y5y......####.
##.....W#..§§o##y#####..# #.
.......O#####§##Z#.....># #.
######.....y†.##.#.###### #.
#.....?..#.......# #.
#$$....y.#.......# #.
#........#.......######.
####.###########..[...#. #.#
#...().#.


You could see a hippogriff, 2 hungry ghosts, 8 killer bees, 4 wights, 2 orc
wizards, an adder and a bullfrog zombie.

Vanquished Creatures
  The ghost of Name63 the Skirmisher, an amateur FoAK of Lugonu (D:6)
  Sigmund (D:2)
  2 orc warriors
  4 centaurs
  3 ogres
  A crocodile (D:8)
  Blork the orc (D:4)
  3 bullfrogs
  A killer bee (D:8)
  An electric eel (D:6)
  3 howler monkeys
  2 crimson imps
  7 hounds
  4 orc priests
  A bullfrog skeleton (D:5)
  9 orc wizards
  Natasha (thrice) (D:4 D:3)
  9 worker ants
  2 iguanas
  A howler monkey skeleton (D:4)
  7 gnolls
  2 adders (D:4)
  An ooze (D:3)
  An adder zombie (D:5)
  2 adder skeletons (D:4)
  2 dart slugs (D:1)
  4 leopard geckos
  39 orcs
  2 ball pythons
  4 giant cockroaches
  7 hobgoblins
  14 jackals
  9 kobolds
  6 quokkas
  3 bats
  4 frilled lizards
  9 goblins
  A jackal skeleton (D:4)
  A leopard gecko skeleton (D:4)
  4 rats
181 creatures vanquished.

Vanquished Creatures (collateral kills)
  A killer bee (D:8)
  An orc wizard (D:4)
2 creatures vanquished.

Grand Total: 183 creatures vanquished

Notes
Turn   | Place    | Note
-------+----------+-------------------------------------------
     0 | D:1      | Ivernyr the Ogre Wizard began the quest for the Orb.
     0 | D:1      | Reached XP level 1. HP: 16/16 MP: 5/5
   110 | D:1      | Reached skill level 1 in Conjurations
   393 | D:1      | Reached XP level 2. HP: 24/24 MP: 3/6
   397 | D:1      | Reached skill level 4 in Spellcasting
   468 | D:1      | Learned a level 2 spell: Blink
  1097 | D:2      | Found an opulent altar of Gozag.
  1244 | D:2      | Noticed Sigmund
  1360 | D:2      | Found a burning altar of Makhleb.
  1421 | D:2      | Reached XP level 3. HP: 32/32 MP: 5/8
  1423 | D:2      | Reached skill level 1 in Fighting
  1470 | D:2      | Learned a level 3 spell: Conjure Flame
  1474 | D:2      | Learned a level 3 spell: Mephitic Cloud
  1744 | D:2      | Killed Sigmund
  1744 | D:2      | Reached skill level 5 in Spellcasting
  1744 | D:2      | Reached XP level 4. HP: 44/44 MP: 1/11
  1744 | D:2      | Reached XP level 5. HP: 52/52 MP: 1/13
  2047 | D:2      | Found a sparkling altar of Nemelex Xobeh.
  2253 | D:3      | Reached XP level 6. HP: 59/61 MP: 8/14
  2477 | D:3      | Reached skill level 6 in Spellcasting
  3101 | D:4      | Noticed Natasha
  3108 | D:4      | Killed Natasha
  3114 | D:4      | Noticed Natasha
  3541 | D:4      | Reached XP level 7. HP: 59/70 MP: 14/16
  3647 | D:4      | Killed Natasha
  3654 | D:4      | Noticed Natasha
  3667 | D:3      | Killed Natasha
  4070 | D:4      | Reached skill level 7 in Spellcasting
  4968 | D:4      | Noticed Blork the orc
  4978 | D:4      | Killed Blork the orc
  4981 | D:4      | Reached skill level 5 in Fighting
  5370 | D:4      | Found a stormy altar of Qazlal.
  5387 | D:4      | Found Lucs's Assorted Antiques.
  5483 | D:4      | Reached XP level 8. HP: 80/81 MP: 19/19
  5702 | D:5      | Entered Level 5 of the Dungeon
  5711 | D:5      | Found a staircase to the Ecumenical Temple.
  5734 | D:5      | Reached skill level 8 in Spellcasting
  6297 | Temple   | Entered the Ecumenical Temple
  6514 | D:5      | Found a hide-covered altar of Uskayaw.
  6877 | D:6      | Found a sacrificial altar of Ru.
  7191 | D:6      | Noticed Name63's ghost (amateur FoAK)
  7214 | D:6      | Killed Name63's ghost
  7214 | D:6      | Reached skill level 9 in Spellcasting
  7412 | D:6      | Reached skill level 5 in Conjurations
  7412 | D:6      | Reached XP level 9. HP: 78/92 MP: 15/22
  7681 | D:6      | Found a white marble altar of Elyvilon.
  8408 | D:7      | Reached skill level 10 in Spellcasting
 10018 | D:8      | Noticed a two-headed ogre
 10046 | D:8      | Slain by a killer bee

Skill      XL: |  1  2  3  4  5  6  7  8  9 |
---------------+----------------------------+-----
Conjurations   | 1 2 3 4 5 6 |  6.0
Dodging        | 2 |  2.0
Spellcasting   | 4 5 6 7 9 10 | 10.7
Fighting       | 2 3 4 5 6 8 |  8.3
Stealth        | |  1.4
Summonings     | |  0.8
Translocations | |  0.8

Action                   |  1- 3 |  4- 6 |  7- 9 || total
-------------------------+-------+-------+-------++-------
Melee: Unarmed           |    25 |       |       ||    25
       Scythe            |       |    68 |   211 ||   279
 Cast: Magic Dart        |    64 |    60 |   260 ||   384
       Mephitic Cloud    |     3 |    11 |    43 ||    57
       Blink             |       |     1 |     9 ||    10
       Conjure Flame     |       |       |     3 ||     3
  Use: Scroll            |       |       |     2 ||     2
       Potion            |       |       |     1 ||     1
 Stab: Confused          |       |     1 |    11 ||    12
       Sleeping          |       |     1 |       ||     1
  Eat: Chunk             |     1 |     8 |    17 ||    26
       Ration            |       |       |     2 ||     2
Armor: Robe              |     1 |    20 |    72 ||    93
Dodge: Dodged            |    13 |    83 |   159 ||   255
